Map: Kairos Junction LE

Players

scarlett

  • Race: Zerg Zerg
  • League: Master
  • Spawn Location: 11:00

Neeb - Winner!

  • Race: Protoss Protoss
  • League: Master
  • Spawn Location: 5:00

Event: 2019 WCS Winter Americas

VOD

Have the link to the VOD?

Description

Time

  • Played on: April 6, 2019, 5:38 p.m.
  • Length: 7:41

All games in this series

Show
View Real Time Build Order
Export as new Build Order

scarlett Zerg 

Build Orders: Hatch First 

Get SALT Encoding   

  12  0:00  Drone  
  13  0:12  Overlord  
  13  0:17  Drone  
  14  0:31  Drone x2  
  16  0:47  Drone x2  
  18  0:55  Hatchery  
  17  0:58  Drone  
  17  1:01  Extractor  
  17  1:14  Spawning Pool  
  17  1:17  Drone  
  17  1:20  Drone  
  18  1:28  Drone  
  19  1:39  Drone  
  20  1:49  Overlord  
  20  2:01  Queen  
  20  2:03  Extractor, Zergling x2  
  20  2:05  Metabolic Boost  
  23  2:10  Queen  
  23  2:14  Drone  
  26  2:16  Drone  
  27  2:23  Zergling x4  
  29  2:31  Zergling x2  
  30  2:45  Spore Crawler  
  30  2:47  Spore Crawler  
  27  2:51  Zergling x2  
  27  2:52  Zergling x6  
  27  2:55  Hatchery  
  32  3:05  Overlord  
  32  3:07  Zergling x4  
  32  3:12  Zergling x2  
  35  3:18  Zergling x2  
  35  3:24  Zergling x12  
  41  3:32  Zergling x2  
  42  3:40  Zergling x4  
  42  3:44  Zergling x6  
  42  3:49  Zergling x2  
  42  3:55  Zergling x2  
  42  4:02  Zergling x2  
  42  4:03  Zergling x2  
  42  4:05  Queen  
  42  4:11  Zergling x6  
  42  4:15  Zergling x6  
  46  4:19  Overlord, Zergling x2  
  46  4:20  Zergling x2  
  46  4:21  Zergling x2  
  47  4:25  Zergling x2  
  47  4:32  Zergling x4  
  47  4:35  Drone x2  
  47  4:40  Drone  
  47  4:45  Drone  
  49  4:48  Drone  
  49  4:50  Drone  
  49  4:51  Drone x2  
  53  4:57  Overlord  
  53  4:58  Drone  
  53  4:59  Drone  
  55  5:07  Overlord  
  55  5:13  Overlord  
  55  5:14  Drone x3  
  57  5:21  Spore Crawler  
  57  5:27  Drone  
  56  5:28  Roach Warren  
  56  5:32  Drone x4  
  60  5:40  Zergling x8  
  64  5:53  Zergling x16  
  72  5:57  Zergling x4  
  74  6:07  Overlord, Zergling x8  
  79  6:11  Roach x2  
  79  6:14  Overlord, Extractor  
  80  6:31  Roach, Zergling x6  
  78  6:33  Overlord, Zergling x10  
  68  6:46  Zergling x6  
  63  6:50  Ravager x2  
  63  6:51  Zergling x6  
  63  6:52  Ravager  
  69  6:55  Zergling x8  
  72  7:03  Zergling x2  
  72  7:04  Zergling x2  
  72  7:08  Zergling x2  
  63  7:11  Zergling x4  
  63  7:15  Roach  
  59  7:18  Roach x3  
  59  7:21  Roach, Zergling x4  
Show
View Real Time Build Order
Export as new Build Order

Neeb Protoss - Winner!

Build Orders: 1 Gate Expand 

Get SALT Encoding   

  12  0:00  Probe  
  13  0:12  Probe  
  14  0:17  Pylon  
  14  0:24  Probe  
  15  0:32  Probe  
  15  0:39  Gateway  
  15  0:40  Probe  
  16  0:49  Assimilator  
  17  0:51  Probe  
  18  1:03  Probe  
  19  1:15  Probe  
  20  1:26  Cybernetics Core  
  20  1:36  Nexus  
  20  1:38  Probe  
  21  1:44  Pylon  
  21  1:49  Assimilator  
  21  1:52  Adept  
  21  1:53  Probe  
  22  2:05  Probe  
  22  2:07  Warp Gate  
  25  2:12  Adept  
  25  2:17  Probe  
  28  2:29  Probe  
  29  2:31  Robotics Facility  
  29  2:41  Probe  
  29  2:42  Adept  
  32  2:53  Probe  
  32  2:54  Probe  
  34  3:05  Probe  
  34  3:06  Probe  
  34  3:10  Gateway  
  34  3:11  Pylon  
  36  3:15  Warp Prism  
  36  3:17  Probe  
  36  3:18  Probe  
  37  3:23  Sentry  
  41  3:30  Probe  
  41  3:31  Probe  
  43  3:42  Probe, Gateway  
  43  3:45  Pylon  
  42  3:51  Immortal  
  42  3:52  Gateway  
  40  3:56  Sentry  
  46  4:04  Sentry  
  48  4:11  Gateway  
  48  4:19  Gateway  
  48  4:24  Immortal, Gateway  
  48  4:32  Pylon  
  52  4:38  Zealot  
  54  4:46  Cybernetics Core  
  54  4:51  Pylon  
  54  4:57  Gateway  
  54  4:58  Gateway  
  54  4:59  Probe  
  56  5:00  Probe  
  56  5:03  Observer  
  57  5:12  Probe  
  58  5:16  Zealot x3  
  58  5:18  Probe  
  58  5:19  Immortal  
  65  5:30  Pylon  
  69  5:35  Pylon  
  69  5:41  Sentry  
  69  5:49  Pylon  
  71  5:50  Pylon  
  71  5:52  Stalker  
  71  5:54  Stalker, Assimilator  
  73  5:57  Stalker  
  73  5:58  Assimilator  
  75  6:05  Zealot, Probe x2  
  79  6:22  Adept  
  79  6:23  Adept x2  
  79  6:24  Adept x2  
  89  6:30  Observer  
  88  6:36  Zealot  
  77  6:49  Zealot x2, Sentry x3  
  69  7:16  Adept x2  
  69  7:17  Adept x4  
Tags
 
Add a new tag
Caveats
  • Supply blocks, unpowered buildings, or Contaminate may cause inaccurate times.
  • Supply counts are checked every 10 seconds.